[Event "*** Titled Tuesday Blitz"]
[Site "Chess.com"]
[Date "2021.03.09"]
[Round "6"]
[White "jraosam"]
[Black "Fore_Man"]
[Result "1-0"]
[WhiteElo "1920"]
[BlackElo "2227"]
[TimeControl "180+1"]
[EndTime "11:09:47 PST"]
[Termination "jraosam won by resignation"]

1. d4 e6 2. Bf4 c5 3. e3 Qb6 4. Nc3 Nf6 5. Nf3 Nc6 6. Be2 cxd4 7. exd4 Qxb2 8. Nb5 Bb4+ 9. Bd2 O-O 10. Rb1 Bxd2+ 11.
Nxd2 Qxa2 12. Nc4 a6 13. Nc3 Qxb1 14. Qxb1 Nxd4 15. Nb6 Rb8 16. O-O Nxe2+ 17. Nxe2 d5 18. Re1 h6 19. h3 e5 20. Nc3 d4 21. Ncd5 Nxd5 22. Nxd5 Re8 23. Qb6 Bd7 24. Qc7 Bc6 25. Ne7+ Kf8 26. Nxc6 bxc6 27. Rxe5 Rxe5 28. Qxb8+ Ke7 29.
Qxe5+ 1-0

[Event "*** Titled Tuesday Blitz"]
[Site "Chess.com"]
[Date "2021.03.09"]
[Round "6"]
[White "dosto07"]
[Black "mariofs"]
[Result "1/2-1/2"]
[WhiteElo "2322"]
[BlackElo "2196"]
[TimeControl "180+1"]
[EndTime "11:09:47 PST"]
[Termination "Game drawn by repetition"]

1. d4 d5 2. Nf3 Nf6 3. Bf4 e6 4. e3 Bd6 5. Bg3 b6 6. Nbd2 Bb7 7. Bd3 Ne4 8. c3 O-O 9. Qe2 f5 10. Rd1 Nd7 11. Ne5 Nxe5 12. Bxe5 Bxe5 13. dxe5 c5 14. Bxe4 fxe4 15. Nxe4 Qh4 16. Nd6 Bc6 17. O-O a5 18. f4 b5 19. Qf2 Qxf2+ 20. Rxf2 b4 21.
Rc2 bxc3 22. Rxc3 c4 23. b3 g5 24. fxg5 Rab8 25. Rf1 a4 26. bxc4 Rxf1+ 27. Kxf1 Rb1+ 28.
Kf2 Rb2+ 29. Kg3 Rxa2 30. cxd5 Bxd5 31. Rc7 Rxg2+ 32. Kf4 Rf2+ 33. Kg3 Rf3+ 34. Kg4 Rxe3 35. Kf4 Rf3+ 36. Kg4 Re3 37. Kf4 Rf3+ 38. Kg4 Re3 1/2-1/2

[Event "*** Titled Tuesday Blitz"]
[Site "Chess.com"]
[Date "2021.03.09"]
[Round "6"]
[White "DonBroca"]
[Black "dhaessel"]
[Result "1-0"]
[WhiteElo "2151"]
[BlackElo "1965"]
[TimeControl "180+1"]
[EndTime "11:09:47 PST"]
[Termination "DonBroca won by checkmate"]

1. e4 e5 2. Nf3 Nc6 3. Bb5 Nf6 4. O-O Nxe4 5. Re1 Nd6 6. Nxe5 Be7 7. Bf1 Nxe5 8.
Rxe5 O-O 9. d4 Ne8 10. c4 Bf6 11. Re1 d5 12. Nc3 c6 13. c5 Nc7 14. g3 Ne6 15. Be3 Nxc5 16. dxc5 d4 17. Bxd4 Bxd4 18.
Qh5 g6 19. Qf3 Bxc5 20. Ne4 Bd4 21. Rad1 Be6 22. Qf4 Qb6 23. Rxd4 Bd5 24. Nf6+ Kg7 25. Qe5 Kh6 26. Rh4+ Kg7 27. Ne8+ Kg8 28. Qg7# 1-0

[Event "*** Titled Tuesday Blitz"]
[Site "Chess.com"]
[Date "2021.03.09"]
[Round "6"]
[White "jd001"]
[Black "AurumO"]
[Result "0-1"]
[WhiteElo "2217"]
[BlackElo "1988"]
[TimeControl "180+1"]
[EndTime "11:09:49 PST"]
[Termination "AurumO won by resignation"]

1. d4 d5 2. c4 e6 3. Nc3 Nf6 4. Nf3 Be7 5. Bg5 O-O 6. e3 h6 7. Bh4 Ne4 8. Bxe7 Qxe7 9. Nxe4 dxe4 10. Nd2 e5 11. d5 f5 12. Be2 Nd7 13. O-O Nf6 14.
f3 exf3 15. Bxf3 e4 16. Be2 c6 17. dxc6 bxc6 18. Nb3 Be6 19. Rc1 Rad8 20. Qc2 Nd7 21. Nd4 Ne5 22. c5 Kh8 23. b4 Rf6 24. h3 Rdf8 25. a3 Bd5 26. Rf2 f4 27. exf4 Rxf4 28.
Rxf4 Rxf4 29. Qd2 e3 30. Qxe3 Nf3+ 31. Qxf3 Rxf3 32. Bxf3 Qe3+ 33. Kh2 Qxc1 34. Bxd5 cxd5 35. c6 Qf4+ 36. Kh1 Qxd4 37. b5 Qc5 38. a4 d4 39.
Kg1 d3+ 40. Kf1 Kg8 41. Ke1 Kf7 42. Kd2 Ke6 43. Kxd3 Kd6 44. Ke4 Kc7 45. g4 Kb6 46. h4 Qb4+ 47. Kf5 Qxa4 48. g5 hxg5 49. hxg5 Qxb5+ 50. Kg6 Qxc6+ 51. Kxg7 a5 52. g6 a4 53. Kh7 Qxg6+ 54. Kxg6 a3 55. Kf5 a2 56. Ke4 a1=Q 57. Kd5 Qa5+ 0-1

[Event "*** Titled Tuesday Blitz"]
[Site "Chess.com"]
[Date "2021.03.09"]
[Round "6"]
[White "Fandorine"]
[Black "albi1999"]
[Result "1-0"]
[WhiteElo "2886"]
[BlackElo "2599"]
[TimeControl "180+1"]
[EndTime "11:09:50 PST"]
[Termination "Fandorine won by checkmate"]

1. Nf3 d5 2. c4 d4 3. b4 f6 4. e3 e5 5. c5 a5 6. Qa4+ Nc6 7.
b5 Nb4 8. a3 Nd5 9. exd4 e4 10.
Ng1 f5 11. Nc3 Ngf6 12. Bb2 Be7 13. Bc4 Be6 14. Nge2 O-O 15. Qb3 c6 16. a4 Kh8 17.
g3 Bg8 18. h3 Nb4 19. O-O Bxc4 20. Qxc4 Nd3 21. Ba3 Nd5 22. Nc1 N3b4 23. Bxb4 axb4 24. Nxd5 cxd5 25. Qxb4 f4 26. gxf4 Rxf4 27. Ra3 Bh4 28. Ne2 Qg5+ 29. Kh2 Rxf2+ 30. Rxf2 Bxf2 31. c6 Rf8 32.
Qxf8# 1-0

[Event "*** Titled Tuesday Blitz"]
[Site "Chess.com"]
[Date "2021.03.09"]
[Round "6"]
[White "Lagmantr"]
[Black "eguindy"]
[Result "1-0"]
[WhiteElo "2719"]
[BlackElo "2458"]
[TimeControl "180+1"]
[EndTime "11:09:50 PST"]
[Termination "Lagmantr won by resignation"]

1. e4 e6 2. d4 d5 3. exd5 Qxd5 4. Nf3 Nf6 5. Nc3 Bb4 6. Bd2 Bxc3 7. Bxc3 b6 8. g3 Bb7 9. Bg2 Qe4+ 10. Qe2 Nbd7 11. Nh4 Qxe2+ 12. Kxe2 Bxg2 13. Nxg2 O-O-O 14. f3 Nd5 15. Bd2 e5 16. c4 N5f6 17. d5 h6 18. Ne3 g6 19. a4 a5 20. b4 axb4 21. Bxb4 Kb7 22. a5 Ra8 23. Rhb1 c6 24. axb6 Rxa1 25. Rxa1 c5 26. Bc3 Kxb6 27. Nc2 Re8 28. Rb1+ Kc7 29. Na3 Ra8 30. Nb5+ Kd8 31. Ra1 Rxa1 32. Bxa1 Ne8 33. Kd3 Ke7 34. Bb2 f5 35. Na7 Nd6 36. Nc6+ Kf7 37.
Nxe5+ Nxe5+ 38. Bxe5 Nc8 39. Kc3 Ke7 40. Kb3 Nb6 41. Bf4 h5 42. Be3 Kd6 43. Bh6 Nd7 44. Ka4 1-0

[Event "*** Titled Tuesday Blitz"]
[Site "Chess.com"]
[Date "2021.03.09"]
[Round "6"]
[White "CakeinSpace2002"]
[Black "Nuvas"]
[Result "1-0"]
[WhiteElo "2421"]
[BlackElo "2555"]
[TimeControl "180+1"]
[EndTime "11:09:50 PST"]
[Termination "CakeinSpace2002 won on time"]

1. e4 c5 2. c3 Nf6 3. e5 Nd5 4. Nf3 d6 5. exd6 Qxd6 6. d4 cxd4 7. Nxd4 Nc6 8. Nxc6 Qxc6 9. Be2 Bf5 10. O-O e6 11. c4 Nf6 12. Nc3 Rd8 13. Qb3 Qb6 14. Qa4+ Nd7 15. Rd1 Bc5 16. Be3 Bxe3 17. fxe3 Ke7 18.
Kh1 Nc5 19. Qa3 Kf6 20. g4 Be4+ 21. Nxe4+ Nxe4 22. Rf1+ Kg6 23. Qe7 f6 24. g5 Rhe8 25.
Bh5+ Kxh5 26. Qf7+ Kg4 27. Rf4+ 1-0

[Event "*** Titled Tuesday Blitz"]
[Site "Chess.com"]
[Date "2021.03.09"]
[Round "6"]
[White "NoGalloNoParty"]
[Black "Moon_stone123"]
[Result "0-1"]
[WhiteElo "2315"]
[BlackElo "2504"]
[TimeControl "180+1"]
[EndTime "11:09:50 PST"]
[Termination "Moon_stone123 won by resignation"]

1. d4 Nf6 2. Nf3 g6 3. c4 Bg7 4. Nc3 O-O 5. e4 d6 6. Be2 c5 7. Be3 cxd4 8. Nxd4 Nc6 9. O-O Bd7 10. f3 Nxd4 11. Bxd4 Bc6 12. Qd2 a5 13. Rfd1 Nd7 14. Be3 Nc5 15. Rac1 Be5 16. Bh6 Re8 17. f4 Bxc3 18. Qxc3 f6 19. e5 Ne4 20. Qe3 Qc7 21. f5 dxe5 22. fxg6 hxg6 23. Bf3 Nd6 24. Bd5+ Bxd5 25.
cxd5 Qd7 26. Qg3 Kf7 27. Be3 Nf5 28. Qf2 Rec8 29. Rxc8 Rxc8 30. Bc5 Qb5 31. Ba3 Qa4 32. d6 Qxd1+ 0-1

[Event "*** Titled Tuesday Blitz"]
[Site "Chess.com"]
[Date "2021.03.09"]
[Round "6"]
[White "ARTHURMOTIVATOR"]
[Black "Mikasinski"]
[Result "1-0"]
[WhiteElo "2346"]
[BlackElo "2458"]
[TimeControl "180+1"]
[EndTime "11:09:50 PST"]
[Termination "ARTHURMOTIVATOR won by resignation"]

1. e4 c5 2. b3 Nc6 3. Bb2 d6 4. Bb5 Bd7 5. d3 Nf6 6. f4 e6 7. Nf3 Be7 8. O-O a6 9. Bxc6 Bxc6 10. Nbd2 O-O 11. Qe1 Ne8 12. Qg3 Bf6 13. e5 dxe5 14.
fxe5 Be7 15. Rae1 Bd5 16. Ne4 Kh8 17. Nfg5 Bxg5 18. Nxg5 Qe7 19. Rf6 g6 20. Ref1 Nxf6 21. exf6 Qd7 22. Nxh7 g5 23. Nxg5 1-0

[Event "*** Titled Tuesday Blitz"]
[Site "Chess.com"]
[Date "2021.03.09"]
[Round "6"]
[White "Trickov"]
[Black "Haykoooo0o"]
[Result "1-0"]
[WhiteElo "2371"]
[BlackElo "2473"]
[TimeControl "180+1"]
[EndTime "11:09:51 PST"]
[Termination "Trickov won by resignation"]

1. d4 d5 2. Nf3 Nf6 3. c4 e6 4. g3 Nbd7 5. Bg2 Be7 6. O-O O-O 7. Qc2 c6 8. Rd1 b6 9. b3 Bb7 10. Nc3 Rc8 11. e4 Nxe4 12. Nxe4 dxe4 13. Qxe4 Qc7 14.
Bf4 Bd6 15. Bxd6 Qxd6 16. Rac1 Nf6 17. Qe5 Rfd8 18. Qxd6 Rxd6 19. c5 Rdd8 20. Ne5 Nd5 21. a3 Kf8 22. b4 Ke7 23. Nc4 Nf6 24. cxb6 axb6 25. Nxb6 Rc7 26. a4 Nd7 27. Nc4 Nf6 28.
Na5 Nd5 29. b5 Rdc8 30. Bxd5 cxd5 31. Rxc7+ Rxc7 32. Nxb7 Rxb7 33. Rc1 Ra7 34. Ra1 Kd6 35. b6 Ra5 36. Rb1 Ra8 37. b7 Rb8 38. a5 Kc7 39. a6 f6 40. a7 Rxb7 41. Rc1+ 1-0

[Event "*** Titled Tuesday Blitz"]
[Site "Chess.com"]
[Date "2021.03.09"]
[Round "6"]
[White "dretch"]
[Black "Harry_Rakkel"]
[Result "1-0"]
[WhiteElo "2850"]
[BlackElo "2642"]
[TimeControl "180+1"]
[EndTime "11:09:54 PST"]
[Termination "dretch won by resignation"]

1. d4 Nf6 2. c4 e6 3. Nc3 Bb4 4. Qc2 O-O 5. e4 d6 6. a3 Bxc3+ 7. bxc3 e5 8. Bd3 c5 9. Ne2 cxd4 10. cxd4 Nc6 11.
d5 Na5 12. Bd2 Nd7 13. Bb4 Qc7 14. Nc3 a6 15. Na4 b6 16. Bxa5 bxa5 17. c5 Nxc5 18.
Nxc5 dxc5 19. Rc1 Rb8 20. Qxc5 Qxc5 21. Rxc5 Rb3 22. Kd2 Rxa3 23. Rhc1 Bd7 24. Bxa6 Ra4 25. Bc4 Rb8 26. Rc7 Rd8 27. Ke3 Kf8 28. Rc3 Ra1 29.
d6 a4 30. Bd5 g6 31. Ra7 Be8 32. Rcc7 Rxd6 33. Rc8 Ra3+ 34. Ke2 Rb6 35. Rxf7+ 1-0

[Event "*** Titled Tuesday Blitz"]
[Site "Chess.com"]
[Date "2021.03.09"]
[Round "6"]
[White "LuisFSiles"]
[Black "rynos0411"]
[Result "0-1"]
[WhiteElo "2301"]
[BlackElo "2448"]
[TimeControl "180+1"]
[EndTime "11:09:55 PST"]
[Termination "rynos0411 won by resignation"]

1. e4 c6 2. d4 d5 3. exd5 cxd5 4. c4 Nf6 5. Nc3 Nc6 6. Bg5 dxc4 7. Bxc4 h6 8. Be3 Be6 9. Bxe6 fxe6 10. Nf3 g5 11. Qc2 Kf7 12. Rd1 Bg7 13. Ne5+ Kg8 14. O-O Qc8 15. f4 g4 16. Qe2 h5 17. h3 gxh3 18.
gxh3 Nd5 19. Kh2 Qf8 20. Rf3 Qf5 21. Rg1 Rh7 22. Rfg3 Nxf4 23. Qf3 Rf8 24. Bxf4 Qxf4 25. Qg2 h4 26. Ne2 hxg3+ 27. Nxg3 Nxe5 28. dxe5 Kh8 29. Kh1 Qh4 30. Ne4 Qxh3+ 31. Qxh3 Rxh3+ 32. Kg2 Rh4 33. Ng5 Rg4+ 34. Kh2 Rxg1 35. Kxg1 0-1

[Event "*** Titled Tuesday Blitz"]
[Site "Chess.com"]
[Date "2021.03.09"]
[Round "6"]
[White "jefferyx"]
[Black "PavelShkapenko"]
[Result "1-0"]
[WhiteElo "3012"]
[BlackElo "2712"]
[TimeControl "180+1"]
[EndTime "11:09:56 PST"]
[Termination "jefferyx won by resignation"]

1. e4 e5 2. Nf3 Nc6 3. Nc3 Nf6 4.
d4 Bb4 5. Nxe5 Qe7 6. Qd3 Nxd4 7. Qxd4 Bc5 8. Qd3 Qxe5 9. Be3 Bxe3 10. Qxe3 d6 11.
O-O-O O-O 12. f3 Bd7 13. g4 Bc6 14. h4 Rfe8 15. h5 h6 16. Rg1 Nh7 17. f4 Qe6 18.
g5 hxg5 19. fxg5 Bxe4 20. g6 Nf6 21. gxf7+ Kxf7 22. Qg5 Rg8 23. Nxe4 Nxe4 24. Qf4+ Ke7 25. Bd3 Qh6 26. Qxh6 gxh6 27. Bxe4 c6 28. Rge1 Kd7 29.
Bf5+ Kc7 30. Re7+ Kb6 31. Rxd6 Raf8 32. Bg6 Rf1+ 33. Kd2 Rgf8 34. Rdd7 R8f2+ 35. Kc3 Kc5 36. b4+ 1-0

[Event "*** Titled Tuesday Blitz"]
[Site "Chess.com"]
[Date "2021.03.09"]
[Round "6"]
[White "Jan1401"]
[Black "ymoy"]
[Result "0-1"]
[WhiteElo "2418"]
[BlackElo "2617"]
[TimeControl "180+1"]
[EndTime "11:09:58 PST"]
[Termination "ymoy won by resignation"]

1. e4 c5 2. Nf3 d6 3. Bb5+ Bd7 4.
Bxd7+ Qxd7 5. O-O Nc6 6. c3 Nf6 7. Re1 e6 8. d4 cxd4 9. cxd4 d5 10. e5 Ne4 11. a3 Be7 12. Nbd2 Nxd2 13. Bxd2 O-O 14. Rc1 Rfc8 15. Rc3 b5 16. h4 a5 17. h5 b4 18. Rd3 bxa3 19. bxa3 Rab8 20. h6 g6 21. Bg5 Rb2 22. Qc1 Rcb8 23. Qf4 R2b3 24.
Ree3 Rxd3 25. Rxd3 Rb1+ 26. Kh2 Bf8 27. Kg3 a4 28. Nh2 Rb3 29. Re3 Qa7 30. Ng4 Nxd4 31.
Nf6+ Kh8 32. Kg4 Nf5 33. Ne8 Bxa3 34. Nd6 Bc1 35. Nxf7+ Kg8 36. Nd6 Bxe3 37. fxe3 a3 38. Nxf5 exf5+ 39. Kh4 a2 40. Qf3 Qa4+ 41. Kh3 Qg4+ 42.
Qxg4 fxg4+ 43. Kxg4 a1=Q 0-1

[Event "*** Titled Tuesday Blitz"]
[Site "Chess.com"]
[Date "2021.03.09"]
[Round "6"]
[White "pastouche06"]
[Black "Handszar"]
[Result "1-0"]
[WhiteElo "2556"]
[BlackElo "2376"]
[TimeControl "180+1"]
[EndTime "11:09:59 PST"]
[Termination "pastouche06 won on time"]

1. d4 c5 2. d5 Nf6 3. Nc3 Qa5 4.
Bd2 d6 5. e4 g6 6. Bb5+ Nbd7 7.
a4 Bg7 8. Nf3 O-O 9. O-O a6 10.
Be2 Qc7 11. h3 Rb8 12. b3 Qd8 13. a5 b5 14. axb6 Rxb6 15. Re1 Ne8 16. Ra2 Nc7 17. Na4 Rb7 18. Bc3 Bh6 19. Ba5 Qe8 20. Bc4 Nb5 21. e5 dxe5 22. Nxe5 Nxe5 23. Rxe5 Bg7 24. Re1 Nd6 25.
Bf1 Rb8 26. Nxc5 Bf5 27. Nxa6 1-0

[Event "*** Titled Tuesday Blitz"]
[Site "Chess.com"]
[Date "2021.03.09"]
[Round "6"]
[White "ChampStan"]
[Black "FlySooHigh"]
[Result "0-1"]
[WhiteElo "2027"]
[BlackElo "2668"]
[TimeControl "180+1"]
[EndTime "11:09:59 PST"]
[Termination "FlySooHigh won by resignation"]

1. d4 Nf6 2. c4 c5 3. d5 b5 4.
cxb5 a6 5. bxa6 g6 6. Nc3 Bg7 7.
Nf3 O-O 8. e4 Qa5 9. Bd2 Bxa6 10. Bxa6 Qxa6 11. Qe2 d6 12. a4 Qxe2+ 13. Kxe2 Na6 14.
Rhb1 Rfb8 15. b3 Nd7 16. Ra3 Nb4 17. Ne1 Rb7 18. Na2 Na6 19. b4 cxb4 20. Nxb4 Nac5 21.
f3 Rxa4 22. Rxa4 Nxa4 23. Rc1 Bf6 24. Ned3 Kg7 25. Nc6 Nac5 26. Ndb4 Nb3 27. Rb1 Nxd2 28. Kxd2 Nc5 29. Ke3 g5 30. g3 Bc3 31. Rb3 Nxb3 0-1

[Event "*** Titled Tuesday Blitz"]
[Site "Chess.com"]
[Date "2021.03.09"]
[Round "6"]
[White "Artyom_ChessMate"]
[Black "shaheus"]
[Result "1/2-1/2"]
[WhiteElo "2542"]
[BlackElo "2408"]
[TimeControl "180+1"]
[EndTime "11:10:00 PST"]
[Termination "Game drawn by repetition"]

1. e4 c5 2. Nc3 Nc6 3. Bb5 g6 4. Bxc6 dxc6 5. d3 Bg7 6. f4 b6 7. Nf3 Nf6 8. O-O O-O 9. Qe1 Ba6 10. Ne5 Qc7 11. Be3 Nd7 12. Nxd7 Qxd7 13. e5 f6 14. Qg3 fxe5 15. fxe5 Rxf1+ 16. Rxf1 Rf8 17. Rxf8+ Kxf8 18. Ne4 Qf5 19. e6 Be5 20. Qh4 h5 21. c4 Bc8 22. Ng5 Bxe6 23. Nxe6+ Qxe6 24. Qe4 Qf6 25. Bh6+ Kf7 26. g3 Bxb2 27. Kg2 Bd4 28. Bf4 e5 29. Be3 Bxe3 30. Qxe3 Qf5 31. Qh6 Qxd3 32. Qh7+ Kf6 33. Qh8+ Kf7 34. Qh7+ Kf6 35. Qh8+ Kf7 36. Qh7+ 1/2-1/2

[Event "*** Titled Tuesday Blitz"]
[Site "Chess.com"]
[Date "2021.03.09"]
[Round "6"]
[White "anasta10"]
[Black "The_filthy"]
[Result "1-0"]
[WhiteElo "2472"]
[BlackElo "2320"]
[TimeControl "180+1"]
[EndTime "11:10:02 PST"]
[Termination "anasta10 won by resignation"]

1. d4 d5 2. c4 c6 3. cxd5 cxd5 4. Nc3 Nc6 5. Bf4 e5 6. dxe5 d4 7. Ne4 Qd5 8. Nd2 Bf5 9. Ngf3 Nb4 10. Rc1 Nxa2 11. Rc4 Nb4 12. Rxb4 Bxb4 13. Qa4+ b5 14. Qxb4 Ne7 15. Nxd4 Rc8 16. f3 Bd7 17. e3 Ng6 18. Kf2 Nxf4 19. exf4 a5 20. Qxa5 O-O 21. Qb4 Rc4 22.
Bxc4 Qxd4+ 23. Kg3 bxc4 24. Nxc4 Be6 25. b3 h5 26. h4 f6 27. Qd6 Qxd6 28. exd6 Rd8 29. Rd1 Kf7 30. Kf2 Rd7 31. Ke3 g6 32. Rd3 1-0

[Event "*** Titled Tuesday Blitz"]
[Site "Chess.com"]
[Date "2021.03.09"]
[Round "6"]
[White "redblizzard"]
[Black "VladimirPotkin"]
[Result "0-1"]
[WhiteElo "2467"]
[BlackElo "2616"]
[TimeControl "180+1"]
[EndTime "11:10:03 PST"]
[Termination "VladimirPotkin won on time"]

1. e4 c5 2. Nf3 e6 3. g3 Nc6 4. Bg2 Nf6 5. Qe2 d5 6. exd5 Nxd5 7. O-O Be7 8. Rd1 Qb6 9. Na3 O-O 10. Nc4 Qc7 11.
c3 Rd8 12. d4 cxd4 13. cxd4 b6 14. Nce5 Bb7 15. Bd2 Nxe5 16. Nxe5 Rac8 17. Be4 Bf6 18. Ng4 Bxd4 19. Bg5 Nf6 20. Bxb7 Qxb7 21. Rxd4 Rxd4 22. Bxf6 Qe4 23. Qa6 Rdc4 24. Rd1 Qxg4 25. Rd4 Qe2 26. Rg4 Qxg4 0-1

[Event "*** Titled Tuesday Blitz"]
[Site "Chess.com"]
[Date "2021.03.09"]
[Round "6"]
[White "dolynachess"]
[Black "Airquake"]
[Result "0-1"]
[WhiteElo "2433"]
[BlackElo "2606"]
[TimeControl "180+1"]
[EndTime "11:10:03 PST"]
[Termination "Airquake won by resignation"]

1. d4 Nf6 2. c4 e6 3. g3 d5 4. Bg2 Be7 5. Nf3 O-O 6. O-O b6 7. Nc3 Bb7 8. Qa4 dxc4 9. Qxc4 Nc6 10.
Rd1 Nd5 11. e4 Ndb4 12. a3 Ba6 13. Nb5 Na5 14. Qe2 Nb3 15. Rb1 Nxc1 16. Rdxc1 c6 17. axb4 Bxb5 18. Qd2 Qd6 19. Ne5 Rad8 20. Nxc6 Bxc6 21.
e5 Qxe5 22. dxe5 Rxd2 23. Rxc6 Bxb4 24. b3 Bc5 25. Rf1 Re2 0-1

[Event "*** Titled Tuesday Blitz"]
[Site "Chess.com"]
[Date "2021.03.09"]
[Round "6"]
[White "ErikRonka"]
[Black "Ekose"]
[Result "1-0"]
[WhiteElo "2404"]
[BlackElo "2518"]
[TimeControl "180+1"]
[EndTime "11:10:03 PST"]
[Termination "ErikRonka won on time"]

1. d4 Nf6 2. c4 e6 3. Nc3 Bb4 4. a3 Bxc3+ 5. bxc3 c5 6. e3 d6 7. Bd3 Nc6 8. Ne2 e5 9. O-O h6 10. e4 b6 11. f4 Qe7 12. fxe5 dxe5 13. d5 Na5 14.
Ng3 Nb7 15. a4 Kd8 16. a5 Nxa5 17. Rxa5 bxa5 18. Qa4 Qc7 19. Be3 Bd7 20. Qa3 Rc8 21. h3 a4 22. Nf5 Bxf5 23. Rxf5 Qa5 24. Bf2 Re8 25. Bh4 Rb8 26. Bc2 Rb6 27. Bg3 Re7 28.
Bxe5 Ne8 29. Bg3 f6 30. e5 1-0

[Event "*** Titled Tuesday Blitz"]
[Site "Chess.com"]
[Date "2021.03.09"]
[Round "6"]
[White "Dave_ChessMate"]
[Black "lacafi"]
[Result "1-0"]
[WhiteElo "2405"]
[BlackElo "2152"]
[TimeControl "180+1"]
[EndTime "11:10:04 PST"]
[Termination "Dave_ChessMate won by resignation"]

1. e4 c6 2. d4 d5 3. exd5 cxd5 4. Bd3 Nf6 5. c3 Nc6 6. Nf3 g6 7. O-O Bg7 8. Qe2 O-O 9. Ne5 a6 10. Bf4 e6 11. Nd2 Nh5 12. Nxc6 Nxf4 13. Qf3 bxc6 14. Qxf4 Qb6 15. Rab1 c5 16. dxc5 Qxc5 17. Nb3 Qb6 18. h4 Bd7 19. h5 Bb5 20. Qg3 a5 21.
hxg6 hxg6 22. Nd2 Bxd3 23. Qxd3 Rab8 24. Rfe1 Rfc8 25. Nf3 Rc4 26. Ng5 Rf4 27. Re2 Rf5 28. Qg3 Bf6 29. Nf3 Kg7 30. Nh4 Rg5 31. Qe3 Rh8 32. Qxb6 Rxh4 33. g3 Rh3 34. Kg2 1-0

[Event "*** Titled Tuesday Blitz"]
[Site "Chess.com"]
[Date "2021.03.09"]
[Round "6"]
[White "ApoIogiA"]
[Black "KetiGrant"]
[Result "0-1"]
[WhiteElo "2189"]
[BlackElo "2341"]
[TimeControl "180+1"]
[EndTime "11:10:04 PST"]
[Termination "KetiGrant won by resignation"]

1. d4 Nf6 2. c4 g6 3. f3 Bg7 4. e4 d6 5. Nc3 O-O 6. Nge2 c5 7. d5 e6 8. Ng3 exd5 9. cxd5 a6 10.
a4 h5 11. Be2 Nbd7 12. O-O h4 13. Nh1 h3 14. g3 Nh7 15. g4 f5 16. gxf5 gxf5 17. exf5 Bd4+ 18. Rf2 Ne5 19. Ng3 Bxf5 20. Qf1 Qh4 21. Kh1 Bg6 22. f4 Bxf2 23. Qxf2 Ng4 24.
Qf3 Nhf6 25. f5 Bf7 26. Bf4 Rad8 27. Rg1 Kh8 28. Nge4 Rg8 29. Nxd6 Rxd6 30. Bxd6 Nf2+ 0-1

[Event "*** Titled Tuesday Blitz"]
[Site "Chess.com"]
[Date "2021.03.09"]
[Round "6"]
[White "Iskusnyh"]
[Black "MrrRefrao"]
[Result "1-0"]
[WhiteElo "2595"]
[BlackElo "2392"]
[TimeControl "180+1"]
[EndTime "11:10:06 PST"]
[Termination "Iskusnyh won by resignation"]

1. d4 Nf6 2. c4 e6 3. g3 d5 4. Nf3 Be7 5. Bg2 Nbd7 6. O-O c6 7.
Qc2 b6 8. Nc3 Ba6 9. cxd5 cxd5 10.
Qa4 Bb7 11. Ne5 O-O 12. Nc6 Qe8 13. Nxe7+ Qxe7 14. Bd2 Rfc8 15. Rfc1 a6 16. e3 b5 17. Qa5 Ne8 18. Ne2 Qd8 19. Qxd8 Rxd8 20. Nf4 Nd6 21. b3 Rdc8 22. Bb4 Ne4 23. f3 Nef6 24.
Kf2 a5 25. Bd2 a4 26. Bf1 axb3 27. axb3 Rxa1 28. Rxa1 Bc6 29. Nd3 Ra8 30. Rc1 Nb8 31. Nb4 Bd7 32. Rc7 1-0

[Event "*** Titled Tuesday Blitz"]
[Site "Chess.com"]
[Date "2021.03.09"]
[Round "6"]
[White "konradrutkowski"]
[Black "BegmuratovKh2010"]
[Result "1-0"]
[WhiteElo "2402"]
[BlackElo "2536"]
[TimeControl "180+1"]
[EndTime "11:10:07 PST"]
[Termination "konradrutkowski won by resignation"]

1. d4 Nf6 2. Nf3 g6 3. g3 Bg7 4. Bg2 O-O 5. O-O d6 6. Nc3 Nc6 7. d5 Nb8 8. h3 c6 9. e4 cxd5 10. exd5 Na6 11. Re1 Nc7 12. Nd4 Nd7 13. Be3 Ne5 14.
Qe2 Re8 15. Rad1 Nd7 16. Bf4 Nf6 17. Qd2 Bd7 18. Re2 b5 19. a3 a5 20. Nc6 Bxc6 21. dxc6 e6 22. Qxd6 Qc8 23. Qxc7 Qa6 24. Red2 b4 25. axb4 axb4 26. Bf1 Qa5 27. Qxa5 Rxa5 28. Nb5 Nd5 29. Rxd5 exd5 30. c7 Bf8 31. h4 b3 32.
cxb3 Raa8 33. Bh3 Bc5 34. Rxd5 Bb6 35. Rd6 Bc5 36. Rc6 Re1+ 37. Kg2 Bb4 38. c8=Q+ Rxc8 39. Rxc8+ Kg7 40. Nd4 Rb1 41. Be5+ f6 42. Rc7+ Kf8 43. Bxf6 Rxb2 44. Ne6+ Ke8 45. Bxb2 1-0

[Event "*** Titled Tuesday Blitz"]
[Site "Chess.com"]
[Date "2021.03.09"]
[Round "6"]
[White "ecwinslow"]
[Black "Klavdia_Nik"]
[Result "1-0"]
[WhiteElo "2210"]
[BlackElo "2043"]
[TimeControl "180+1"]
[EndTime "11:10:08 PST"]
[Termination "ecwinslow won on time"]

1. e4 g6 2. d4 Bg7 3. Nc3 d6 4.
f4 Nd7 5. Nf3 e6 6. Bd3 Ne7 7.
O-O Ng8 8. f5 Ne7 9. fxe6 O-O 10. exd7 Bxd7 11. Bg5 h6 12. Bh4 c6 13. Kh1 b5 14. e5 d5 15. Qd2 a5 16. Ne2 Kh7 17. Bf6 Qe8 18. Ng3 Ng8 19. Bxg7 Kxg7 20.
Rf2 Bg4 21. Raf1 Ne7 22. h3 Be6 23. Nh4 Qd7 24. Kh2 1-0

[Event "*** Titled Tuesday Blitz"]
[Site "Chess.com"]
[Date "2021.03.09"]
[Round "6"]
[White "ChristopherYoo"]
[Black "lachesisQ"]
[Result "1/2-1/2"]
[WhiteElo "2942"]
[BlackElo "3088"]
[TimeControl "180+1"]
[EndTime "11:10:09 PST"]
[Termination "Game drawn by agreement"]

1. d4 Nf6 2. Nf3 g6 3. c4 Bg7 4. Nc3 d5 5. cxd5 Nxd5 6. Bg5 c5 7. Rc1 Nxc3 8. bxc3 O-O 9. e4 cxd4 10. cxd4 h6 11.
Be3 Qa5+ 12. Qd2 Qxd2+ 13. Nxd2 Nc6 14. Nb3 Rd8 15. d5 Nb4 16. Bd2 Na6 17. Bxa6 bxa6 18. Bc3 Bxc3+ 19. Rxc3 e6 20. dxe6 Bxe6 21. Ke2 a5 22. Nc5 Rab8 23. Nxe6 Rb2+ 24. Ke3 fxe6 25. Ra3 Rdd2 26. Rf1 Re2+ 27. Kf3 Rxa2 28. Rxa2 Rxa2 29.
Rb1 Kf7 30. e5 g5 31. Rb7+ Kg6 32. g4 Ra3+ 33. Kg2 Rc3 34. Rb5 Rc6 35. Rxa5 a6 36. Kg3 Kf7 37. Ra3 Ke7 38. f4 Kf7 39. h4 gxf4+ 40.
Kxf4 Rc4+ 41. Kg3 Rc5 42. Rxa6 Rxe5 43. Ra3 Kg6 44. Kf4 Rb5 1/2-1/2

[Event "*** Titled Tuesday Blitz"]
[Site "Chess.com"]
[Date "2021.03.09"]
[Round "6"]
[White "Agoking701"]
[Black "KonstantinB_1983"]
[Result "0-1"]
[WhiteElo "2350"]
[BlackElo "2500"]
[TimeControl "180+1"]
[EndTime "11:10:09 PST"]
[Termination "KonstantinB_1983 won by resignation"]

1. e4 d5 2. exd5 Qxd5 3. Nc3 Qd6 4. Bc4 Nf6 5. d4 a6 6. Nf3 b5 7. Bb3 Bb7 8. Qe2 e6 9. Bg5 c5 10. dxc5 Qxc5 11. O-O Nbd7 12. Rad1 Be7 13. Rfe1 O-O-O 14. Be3 Qc6 15. Bd4 g5 16. a4 b4 17. Nb5 axb5 18.
axb5 Qc7 19. Ne5 Nxe5 20. Bxe5 Qc5 21. h3 Rxd1 22. Rxd1 Rd8 23. Ra1 Ne4 24. Bh2 Rd2 25. Qe1 Qxf2+ 26. Qxf2 Rxf2 27. Re1 Rd2 0-1

[Event "*** Titled Tuesday Blitz"]
[Site "Chess.com"]
[Date "2021.03.09"]
[Round "6"]
[White "Tooweak2slow03"]
[Black "Skat2704"]
[Result "1/2-1/2"]
[WhiteElo "2769"]
[BlackElo "2585"]
[TimeControl "180+1"]
[EndTime "11:10:10 PST"]
[Termination "Game drawn by repetition"]

1. e4 c5 2. Nf3 Nc6 3. d4 cxd4 4. Nxd4 Nf6 5. Nc3 e6 6. Ndb5 Bb4 7. Bf4 O-O 8. Bd3 a6 9. a3 axb5 10. axb4 Rxa1 11.
Qxa1 Nxb4 12. Nxb5 d5 13. e5 Ne4 14. O-O Qb6 15. Be3 Qc6 16. Na7 Qd7 17. Bxe4 dxe4 18. Bc5 Nxc2 19. Qc1 Nd4 20. Bxf8 Ne2+ 21. Kh1 Nxc1 22. Rxc1 Kxf8 23. h4 g6 24. Nxc8 Kg7 25. Nd6 Qd8 26. g3 Qb6 27. Rc7 Qxb2 28. Nxf7 Qxf2 29. Ng5+ Kg8 30. Rc8+ Kg7 31. Rc7+ Kf8 32. Nxe6+ Ke8 33. Ng7+ Kd8 34. Ne6+ Ke8 35. Ng7+ Kd8 36.
Ne6+ Ke8 1/2-1/2